 Dungeon Crawl Stone Soup version 0.16.2-12-gd0ad4c3 (webtiles) character file.

43 faibistes the Cudgeler (level 3, -1/37 HPs)
             Began as an Ogre Warper on Dec 12, 2017.
             Killed by nerve-wracking pain
             ... invoked by Jessica
              (4 damage)
             ... on level 3 of the Dungeon.
             The game lasted 00:04:23 (1806 turns).

faibistes the Cudgeler (Ogre Warper)                Turns: 1806, Time: 00:04:23

Health: -1/37      AC:  3    Str: 16    XL:     3   Next: 58%
Magic:  5/6        EV: 10    Int: 13    God:
Gold:   64         SH:  0    Dex:  9    Spells: 3 memorised, 2 levels left

rFire  . . .     SeeInvis .     a - +0 mace
rCold  . . .     Clarity  .     b - +0 robe
rNeg   . . .     SustAb   .     (shield restricted)
rPois  .         Gourm    .     (helmet restricted)
rElec  .         Spirit   .     (no cloak)
rCorr  .         Warding  .     (gloves unavailable)
rMut   .         Stasis   .     (boots unavailable)
MR     .....                    (no amulet)
Stlth  +.........               (no ring)
                                (no ring)

@: confused, shrouded (expiring), slowed, very slow, not resistant to hostile
enchantments, very unstealthy
A: unfitting armour, tough skin 1
a: no special abilities


You were on level 3 of the Dungeon.
You were not hungry.

You visited 1 branch of the dungeon, and saw 3 of its levels.

You collected 64 gold pieces.

Inventory:

Hand weapons
 a - a +0 mace (weapon)
 m - a +2 dagger of venom
Missiles
 e - 5 tomahawks of dispersal (quivered)
Armour
 b - a +0 robe (worn)
Scrolls
 d - a scroll of blinking
 i - 2 scrolls of fear
Potions
 g - a potion of resistance
Books
 c - a book of Spatial Translocations

   Spells                             Type                      Level
   a - Apportation                    Translocation                1
   b - Blink                          Translocation                2
   c - Shroud of Golubria             Charms/Translocation         2
   d - Portal Projectile              Translocation                3
   e - Teleport Other                 Translocation                3
   f - Passage of Golubria            Translocation                4
Comestibles
 f - a meat ration


   Skills:
 + Level 3.0 Fighting
 * Level 3.3 Maces & Flails
 * Level 2.0 Throwing
 + Level 1.0 Armour
 - Level 1.7 Dodging
 * Level 2.8 Spellcasting
 + Level 0.0 Charms
 * Level 2.3 Translocations


You had 2 spell levels left.
You knew the following spells:

 Your Spells              Type           Power        Failure   Level  Hunger
a - Apportation           Tloc           #.........   10%         1    #......
c - Shroud of Golubria    Chrm/Tloc      #.........   24%         2    ###....
d - Blink                 Tloc           N/A          14%         2    ###....


Dungeon Overview and Level Annotations

Branches:
Dungeon (3/15)

Altars:
Nemelex Xobeh

Annotations:
D:3 Jessica


Innate Abilities, Weirdness & Mutations

You are too large for most types of armour.
You have tough skin (AC +1).


Message History

Jessica hits you but does no damage.
Jessica zaps a wand.
You resist with some effort. Jessica gestures at you while chanting.
Pain shoots through your body!
* * * LOW HITPOINT WARNING * * *
Jessica zaps a wand.
You resist with some effort.
Jessica zaps a wand.
You resist with some effort. Jessica gestures at you while chanting.
You feel yourself slow down.
Your shroud begins to fray at the edges.
Jessica barely misses you.
Jessica very coldly says, "I hate your company."
Jessica zaps a wand.
You resist with some effort.
You bump into the rock wall.
Jessica hits you.
* * * LOW HITPOINT WARNING * * *
Jessica hits you.
* * * LOW HITPOINT WARNING * * *
Jessica gestures at you while chanting. Pain shoots through your body!
You die...

####...###
##....#...###
#######......#....#
#.........##...#
#...###..####.####
#...# #.##..#'#..#
###...#
#.##....@..#
......#
#..##.._..##
......# #...##..@##
......###.#..##.##
......<.......###
........>..#......
.....###.#.#...##
..... #.###.###
.### #.# #.# #.#


You could see Jessica.

Vanquished Creatures
  A giant mite (D:1)
  2 oozes
  2 giant cockroaches (D:1)
  5 hobgoblins
  9 bats
  A giant newt (D:1)
  4 goblins (D:1)
  3 kobolds
  4 rats (D:1)
31 creatures vanquished.

Notes
Turn   | Place    | Note
--------------------------------------------------------------
     0 | D:1      | faibistes, the Ogre Warper, began the quest for the Orb.
     0 | D:1      | Reached XP level 1. HP: 22/22 MP: 3/3
   159 | D:1      | Reached XP level 2. HP: 27/29 MP: 5/5
   166 | D:1      | Learned a level 2 spell: Blink
   169 | D:1      | Learned a level 2 spell: Shroud of Golubria
   273 | D:1      | Reached skill level 3 in Maces & Flails
   441 | D:1      | Reached skill level 1 in Armour
   841 | D:1      | Reached XP level 3. HP: 34/37 MP: 6/6
  1774 | D:3      | Found a sparkling altar of Nemelex Xobeh.
  1774 | D:3      | Noticed Jessica
  1806 | D:3      | Killed from afar by Jessica

Action                   || total
-------------------------++-------
Melee: Mace              ||   117
 Cast: Shroud of Golubri ||     4
  Use: Scroll            ||     4
       Potion            ||     1
  Eat: Bread ration      ||     1
       Chunk             ||     1
